 Dungeon Crawl Stone Soup version 0.17.1-2-g5865329 (webtiles) character file.

88 PossumBlood the Shooter (level 4, 0/43 HPs)
             Began as a High Elf Hunter on Jan 23, 2016.
             Succumbed to a gnoll's poison
             ... on level 2 of the Dungeon.
             The game lasted 00:04:42 (925 turns).

PossumBlood the Shooter (High Elf Hunter)            Turns: 925, Time: 00:04:42

Health: 0/43       AC: 22    Str: 11    XL:     4   Next: 30%
Magic:  5/5        EV:  2    Int: 14    God:
Gold:   64         SH:  0    Dex: 17    Spells: 0 memorised, 3 levels left

rFire  . . .     SeeInvis .     a - +1 shortbow
rCold  . . .     Clarity  .     (armour currently unavailable)
rNeg   + + +     SustAt   .     (shield currently unavailable)
rPois  +         Gourm    .     (helmet currently unavailable)
rElec  .         Spirit   .     (cloak currently unavailable)
rCorr  .         Warding  .     (gloves currently unavailable)
rMut   .         NoTele   +     (boots currently unavailable)
MR     .....                    (no amulet)
Stlth  ++........               (no ring)
                                (no ring)

@: lethally poisoned (0 -> -9), tree-form, very slightly contaminated, hasted,
drained, very quick, not resistant to hostile enchantments, unstealthy
A: no striking features
a: no special abilities


You were on level 2 of the Dungeon.
You were not hungry.
You were a tree.
You visited 1 branch of the dungeon, and saw 2 of its levels.

You collected 64 gold pieces.

Inventory:

Hand Weapons
 a - a +1 shortbow (weapon)
 b - a +0 short sword
Missiles
 d - 17 arrows (quivered)
 n - 18 arrows of flame
Armour
 c - a +0 leather armour (melded)
Scrolls
 f - a scroll of noise {unknown}
 g - 4 scrolls of identify {unknown}
 k - 3 scrolls of fog {unknown}
 l - a scroll of fear {unknown}
Potions
 i - 2 potions of haste
Comestibles
 e - 2 bread rations
 m - a slice of pizza
 o - a meat ration


   Skills:
 - Level 2.0(1.7) Fighting
 + Level 7.7(7.4) Bows
 - Level 2.1(1.9) Dodging
 - Level 1.1(0.8) Stealth


You had 3 spell levels left.
You didn't know any spells.

Dungeon Overview and Level Annotations

Branches:
Dungeon (2/15)

Altars:
Xom


Message History

You shoot an arrow. The arrow barely misses the gnoll.
* * * LOW HITPOINT WARNING * * *
You feel sick. The gnoll barely misses you.
Firing (i - inventory. (,) - cycle):
d - 20 arrows (quivered)
Press: ? - help, Shift-Dir - straight line, f/p - gnoll
Aim: a gnoll, wielding a club of chaos (almost dead)
You shoot an arrow. The arrow hits the gnoll.
You kill the gnoll!
Firing (i - inventory. (,) - cycle):
d - 19 arrows (quivered)
Press: ? - help, Shift-Dir - straight line, f - gnoll
Aim: a gnoll, wielding a club of chaos You shoot an arrow.
The arrow barely misses the gnoll.
* * * LOW HITPOINT WARNING * * *
You feel sick. The gnoll hits you but does no damage.
Firing (i - inventory. (,) - cycle):
d - 18 arrows (quivered)
Press: ? - help, Shift-Dir - straight line, f/p - gnoll
Aim: a gnoll, wielding a club of chaos You shoot an arrow.
The arrow barely misses the gnoll.
You hear a splash.
You die...

.....†.## . ≈##.#≈..
......##o#
≈.≈≈#.≈.[#.. ......#
.#. ≈#..≈.#.#...
......# ≈#≈
.≈#..#..#≈_ ......#
##.##.##.≈#⌠..#
......#
##.#≈(#.≈##.≈.#.
#######
⌠≈≈....≈####.⌠≈# ...#
#.##.≈#).g...#
##.#######..#.#.♣≈#≈##
##.......######.###
.#...........#..#
.#..............#
.#............#.#
.#............#.#
.#...........##.#
.#...........##<#
.#..†........####


You could see a gnoll.

Vanquished Creatures
  A gnoll (D:2)
  2 adders (D:2)
  3 oozes
  A worm (D:2)
  2 giant geckos (D:2)
  7 goblins
  6 hobgoblins
  4 jackals (D:1)
  6 kobolds
  A ball python (D:2)
  A bat (D:2)
  3 giant newts
  6 rats
43 creatures vanquished.

Notes
Turn   | Place    | Note
--------------------------------------------------------------
     0 | D:1      | PossumBlood the High Elf Hunter began the quest for the Orb.
     0 | D:1      | Reached XP level 1. HP: 14/14 MP: 2/2
   148 | D:1      | Reached XP level 2. HP: 19/19 MP: 3/3
   189 | D:1      | Reached skill level 6 in Bows
   402 | D:1      | Reached XP level 3. HP: 24/24 MP: 4/4
   645 | D:2      | Reached skill level 7 in Bows
   778 | D:2      | Reached XP level 4. HP: 29/29 MP: 5/5
   905 | D:2      | Found a shimmering altar of Xom.
   919 | D:2      | HP: 2/43 [poisoned by a gnoll]
   924 | D:2      | HP: 1/43 [poisoned by a gnoll]
   925 | D:2      | Succumbed to a gnoll's poison

Action                   |  1- 3 |  4- 6 || total
-------------------------+-------+-------++-------
 Fire: Shortbow          |   104 |    30 ||   134
  Use: Potion            |       |     3 ||     3
